 Dungeon Crawl Stone Soup version 0.27.1-2-g3b301248ec (webtiles) character file.

Game seed: 15979326161189382011

39 Urokeeper the Sneak (level 3, 0/27 HPs)
             Began as a Vampire Brigand on Sept 24, 2021.
             Succumbed to a goblin's poison
             ... on level 2 of the Dungeon.
             The game lasted 00:03:21 (1153 turns).

Urokeeper the Sneak (Vampire Brigand)               Turns: 1153, Time: 00:03:21

Health: 0/27       AC:  3    Str: 11    XL:     3   Next: 26%
Magic:  3/3        EV: 12    Int: 13    God:
Gold:   55         SH:  0    Dex: 15    Spells: 2/2 levels left

rFire    + . .     SeeInvis +   a - +2 dagger
rCold    x . .     Faith    .   (no shield)
rNeg     . . .     Spirit   .   b - +0 robe
rPois    .         Reflect  .   (no helmet)
rElec    .         Harm     .   c - +0 cloak
rCorr    .         Rampage  .   (no gloves)
Will     .....                  (no boots)
Stlth    ++++......             (no amulet)
HPRegen  0.29/turn              m - ring of fire
MPRegen  0.08/turn              (no ring)

@: lethally poisoned (0 -> -6), healing quickly, hasted, very quick
A: alive, fangs 3, see invisible, vampiric 2
a: Exsanguinate


You were on level 2 of the Dungeon.
You visited 1 branch of the dungeon, and saw 2 of its levels.

You collected 55 gold pieces.

Inventory:

Hand Weapons
 a - a +2 dagger (weapon)
 h - a +0 short sword
Missiles
 d - 16 poisoned darts (quivered)
 e - 2 curare-tipped darts
 k - a throwing net
Armour
 b - a +0 robe (worn)
 c - a +0 cloak (worn)
Jewellery
 m - a ring of fire (left hand)
Scrolls
 f - a scroll of teleportation {unknown}
 g - a scroll of enchant armour {unknown}
 i - a scroll of identify {unknown}
 n - a scroll of acquirement {unknown}


   Skills:
 + Level 2.1 Fighting
 + Level 2.7 Short Blades
 + Level 1.5 Throwing
 + Level 1.1 Dodging
 + Level 7.0 Stealth


You had 2 spell levels left.
You didn't know any spells.
Your spell library was empty.

Dungeon Overview and Level Annotations

Branches:
Dungeon (2/15)

Altars:

Annotations:
D:2 Robin


Innate Abilities, Weirdness & Mutations

Your natural rate of healing is accelerated.
You have razor-sharp teeth.
You have supernaturally acute eyesight. (SInv)
You are afflicted with vampirism and can become a bat while bloodless.


Message History

You hit the hobgoblin but do no damage.
The hobgoblin is heavily wounded.
The hobgoblin hits you.
Robin says, "We wiped out the hill dwarves - you're next!"
Robin throws the goblin at you! The goblin misses you.
You hit the hobgoblin.
You kill the hobgoblin!
Robin throws the goblin at you!
A goblin comes into view. It is wielding a +0 dagger.
The goblin closely misses you. x2
The goblin shouts!
You hit the goblin.
The goblin is heavily wounded.
The goblin hits you with a +0 club.
* * * LOW HITPOINT WARNING * * *
The goblin closely misses you.
You hit the goblin but do no damage. You bite the goblin.
You kill the goblin!
The goblin hits you but does no damage.
You are lethally poisoned!
You see here a +0 club.
It was a potion of haste.
You feel yourself speed up.
* * * LOW HITPOINT WARNING * * *
You feel very sick. Robin throws the goblin at you!
* * * LOW HITPOINT WARNING * * *
The goblin closely misses you.
It was a potion of magic.
Magic courses through your body.
* * * LOW HITPOINT WARNING * * *
You feel sick.
A hobgoblin comes into view.
Robin laughs in a distinctly smug fashion.
Robin misses you.
* * * LOW HITPOINT WARNING * * *
You feel sick.
The goblin no longer looks unusually strong.
The goblin barely misses you.
You hit the goblin.
You kill the goblin!
You die...

#.... #..#...#..#.# #<... #.#.#
#..#...#..#.# .##.... #.#.#
#.....†...#.# .g..... ...#
#.##...#..#.# ....... #..#
#.........#.# ....... ..#
######.####.# .......#####
#.##.............#
...........####..########.###..#
..........ggg.)@..).....#.# #..#
...........####).##..##.#.#.#..#
.......g...####...#..##.#.#.....
...........##........##.#.#.#.#.
...>..........##....###.#.#.#.#.
......###.....#.........#.#.#.#.
###### #.....#.#.......#.#.#.#.
......#.........#.#..... ...
#.#......##.###†..


You could see Robin and 2 goblins.

Vanquished Creatures
  A dart slug (D:1)
  2 ball pythons (D:1)
  4 endoplasms
  2 giant cockroaches (D:1)
  9 goblins
  5 hobgoblins
  3 kobolds (D:1)
  A quokka (D:1)
  3 bats
  A frilled lizard (D:1)
  A rat (D:1)
32 creatures vanquished.

Notes
Turn   | Place    | Note
-------+----------+-------------------------------------------
     0 | D:1      | Urokeeper the Vampire Brigand began the quest for the Orb.
     0 | D:1      | Reached XP level 1. HP: 16/16 MP: 1/1
    30 | D:1      | Reached skill level 6 in Stealth
   182 | D:1      | Reached XP level 2. HP: 22/22 MP: 2/2
   574 | D:1      | Found a faded altar of an unknown god.
   956 | D:2      | Gained mutation: You are afflicted with vampirism and can
                  | become a bat while bloodless. [Vampire growth]
   956 | D:2      | Reached XP level 3. HP: 27/27 MP: 3/3
   974 | D:2      | Reached skill level 7 in Stealth
  1139 | D:2      | Noticed Robin
  1151 | D:2      | HP: 1/27 [poisoned by a goblin]
  1153 | D:2      | Succumbed to a goblin's poison

Illustrated notes

Levels and vault maps discovered:
D:1:      lightli_arrival_statue_moat, layout_basic,
          dreamdust_ecumenical_altar_angels_and_demons, dk_noncrumbling_4,
          minmay_pentomino_q4
D:2:      layout_basic, uniq_robin, uniq_natasha

Skill      XL: |  1  2  3 |
---------------+----------+-----
Stealth        | 6 7 |  7.0
Fighting       | 2 |  2.1
Short Blades   | |  2.7
Throwing       | |  1.5
Dodging        | |  1.1

Action                   || total
-------------------------++-------
Melee: Dagger            ||    72
       Bite              ||     7
  Use: Potion            ||     2
 Stab: Sleeping          ||    11
Armor: Robe              ||    20
Dodge: Dodged            ||    44
